 Dungeon Sprint DCSS version 0.28-a0-793-g31680bbd8b (webtiles) character file.

Game seed: 10437785032707938498

979 rocky1 the Arsonist (level 7, -5/36 HPs)
             Began as a Deep Elf Fire Elementalist on Nov 5, 2021.
             Was a High Priest of Sif Muna.
             Slain by a lindwurm (19 damage)
             ... in the Dungeon (Sprint VII: "The Pits").
             The game lasted 00:08:36 (1531 turns).

rocky1 the Arsonist (Deep Elf Fire Elementalist)    Turns: 1531, Time: 00:08:38

Health: -5/36      AC:  2    Str:  5      XL:     7   Next: 96%
Magic:  12/22      EV: 12    Int: 22      God:    Sif Muna [*****.]
Gold:   0          SH:  0    Dex: 14 (15) Spells: 10/26 levels left

rFire   . . .      SeeInvis .   m - +2 quarterstaff (protect)
rCold   . . .      Faith    .   (shield currently unavailable)
rNeg    . . .      Spirit   .   a - +0 robe
rPois   .          Reflect  .   (no helmet)
rElec   .          Harm     .   (no cloak)
rCorr   .          Rampage  .   (no gloves)
Will    .....      NoTele   +   (no boots)
Stlth   ++........              (no amulet)
HPRegen 0.12/turn               (no ring)
MPRegen 0.18/turn               (no ring)

@: no status effects
A: no striking features
a: Renounce Religion, Channel Magic, Forget Spell, Divine Exegesis


You were in the Dungeon.
You worshipped Sif Muna.
Sif Muna was extremely pleased with you.
You visited 1 branch

Inventory:

Hand Weapons
 l - a +1 long sword of flaming
 m - a +2 quarterstaff of protection (weapon)
Armour
 a - a +0 robe (worn)
Scrolls
 g - a scroll of blinking
 j - 5 scrolls of amnesia
Potions
 b - 6 potions of curing
 c - 4 potions of heal wounds
 d - a potion of haste
 e - 4 potions of magic
 f - 3 potions of berserk rage
 i - 2 potions of invisibility


   Skills:
 - Level 2.4 Dodging
 - Level 2.4 Stealth
 + Level 10.0 Spellcasting
 + Level 8.0 Conjurations
 + Level 12.5 Fire Magic
 + Level 4.8 Earth Magic
 + Level 7.9 Invocations


You had 10 spell levels left.
You knew the following spells:

 Your Spells              Type           Power      Damage    Failure   Level
a - Foxfire               Conj/Fire      100%       2x1d9     1%          1
b - Scorch                Fire           100%       2d10      1%          2
c - Flame Wave            Conj/Fire      54%        3d10      1%          4
d - Conjure Flame         Conj/Fire      54%        6-21      1%          3
e - Inner Flame           Hex/Fire       38%        N/A       1%          3
f - Stone Arrow           Conj/Erth      78%        3d11      1%          3

Your spell library contained the following spells:

 Spells                   Type           Power      Damage    Failure   Level
 Sublimation of Blood     Necr           11%        N/A       9%          2
 Vampiric Draining        Necr           11%        2d6       19%         3
 Petrify                  Tmut/Erth      21%        N/A       22%         4
 Dispel Undead            Necr           11%        3d9       52%         4
 Iron Shot                Conj/Erth      19%        9d4       54%         6
 Death Channel            Necr           5%         N/A       100%        6


Dungeon Overview and Level Annotations

Branches:
Dungeon (1/1)

Altars:
Ashenzari
Cheibriados
Dithmenos
Elyvilon
Fedhas
Gozag
Hepliaklqana
Kikubaaqudgha
Makhleb
Nemelex Xobeh
Okawaru
Qazlal
Ru
Sif Muna
Trog
Uskayaw
Vehumet
Wu Jian
Xom
Yredelemnul
Zin
The Shining One
Beogh
Jiyva
Lugonu

Annotations:
D Erolcha


Message History

Items here: ) [ ††.
Unknown command.
Casting: Flame Wave (dangerous; 1% risk of failure)
Confirm with . or Enter, or press ? or * to list all spells.
Casting: Flame Wave (dangerous; 1% risk of failure)
Press: ? - help, Dir - look around, f - activate A wave of flame ripples out! (Press . to intensify the flame waves.)
The lindwurm roars!
A wave of flame ripples out!
The flame wave engulfs the quasit!
The quasit resists.
The quasit is heavily wounded.
The flame wave engulfs the lindwurm!
The lindwurm is moderately wounded.
The quasit bites you.
The quasit claws you but does no damage.
The quasit claws you.
You feel clumsy.
A wave of flame ripples out!
The flame wave engulfs the quasit.
The quasit resists.
You kill the quasit!
Sif Muna accepts your kill.
The flame wave engulfs the lindwurm!
The lindwurm is heavily wounded.
The flame wave engulfs something!
You finish channelling waves of flame.
You hear some strange, mumbled words.
A fireball appears from out of thin air!
The fireball explodes!
The fireball engulfs you!!
Ouch! That really hurt!
Unknown command.
Casting: Flame Wave (dangerous; 1% risk of failure)
Confirm with . or Enter, or press ? or * to list all spells.
Casting: Flame Wave (dangerous; 1% risk of failure)
Press: ? - help, Dir - look around, f - activate A wave of flame ripples out!
The flame wave engulfs the lindwurm!!
The lindwurm is almost dead. (Press . to intensify the flame waves.)
The lindwurm bites you!!
Ouch! That really hurt!
You die...

#.#.....#.)##.......#
#.#...†.#..##.......#
#.####'##'###...<...#
#.#....)...##.......#
#.#........##.......#
#'###########.......#
#.......#.. #########
#..#.#..#.# ###
#.##.##.#@# ...#
#)......#k#.5..#
#.##.##.#.'....+
#..#.#.)#'#....#
#.......'.#....#
########### ####


You could see a lindwurm.

Vanquished Creatures
  A cane toad (D)
  A sky beast (D)
  A black bear (D)
  2 gnoll sergeants (D)
  2 scorpions (D)
  A quasit (D)
  Terence (D)
  A mummy (D)
  9 gnolls (D)
  An adder (D)
  A worm (D)
  An orc (D)
  A giant cockroach (D)
  3 hobgoblins (D)
  A kobold (D)
  A ball python skeleton (D)
  A bat (D)
29 creatures vanquished.

Vanquished Creatures (collateral kills)
  A sky beast (D)
1 creature vanquished.

Vanquished Creatures (others)
  59 foxfires (D)
59 creatures vanquished.

Grand Total: 89 creatures vanquished

Notes
Turn   | Place    | Note
-------+----------+-------------------------------------------
     0 | D        | rocky1 the Deep Elf Fire Elementalist began the quest for
                  | the Orb.
     0 | D        | Reached XP level 1. HP: 10/10 MP: 6/6
    17 | D        | Reached skill level 5 in Fire Magic
    17 | D        | Reached XP level 2. HP: 15/15 MP: 4/8
    79 | D        | Found a bloodstained altar of Trog.
    79 | D        | Found a shimmering blue altar of Sif Muna.
    79 | D        | Found a viscous altar of Jiyva.
    79 | D        | Found a hazy altar of Hepliaklqana.
    79 | D        | Found an opulent altar of Gozag.
    80 | D        | Found a glowing golden altar of the Shining One.
    80 | D        | Found a glowing silver altar of Zin.
    80 | D        | Found a basalt altar of Yredelemnul.
    80 | D        | Found a shimmering altar of Xom.
    80 | D        | Found an ornate altar of the Wu Jian Council.
    80 | D        | Found a sacrificial altar of Ru.
    80 | D        | Found a stormy altar of Qazlal.
    80 | D        | Found an iron altar of Okawaru.
    80 | D        | Found a sparkling altar of Nemelex Xobeh.
    80 | D        | Found a burning altar of Makhleb.
    80 | D        | Found a blossoming altar of Fedhas.
    80 | D        | Found a white marble altar of Elyvilon.
    80 | D        | Found a shadowy altar of Dithmenos.
    80 | D        | Found a snail-covered altar of Cheibriados.
    83 | D        | Found a corrupted altar of Lugonu.
    83 | D        | Found a radiant altar of Vehumet.
    84 | D        | Found an ancient bone altar of Kikubaaqudgha.
    84 | D        | Found a hide-covered altar of Uskayaw.
    84 | D        | Found a broken altar of Ashenzari.
    85 | D        | Became a worshipper of Sif Muna the Loreminder
   224 | D        | Reached * piety under Sif Muna
   224 | D        | Noticed a scorpion
   225 | D        | Reached skill level 6 in Fire Magic
   228 | D        | Killed a scorpion
   229 | D        | Reached skill level 9 in Fire Magic
   229 | D        | Reached XP level 3. HP: 13/19 MP: 3/9
   229 | D        | Reached XP level 4. HP: 16/24 MP: 3/10
   328 | D        | Learned a level 2 spell: Scorch
   333 | D        | Learned a level 4 spell: Flame Wave
   342 | D        | Reached ** piety under Sif Muna
   444 | D        | Noticed a sky beast
   476 | D        | Killed a sky beast
   477 | D        | Reached skill level 5 in Spellcasting
   477 | D        | Reached skill level 10 in Fire Magic
   477 | D        | Reached XP level 5. HP: 28/28 MP: 10/15
   481 | D        | Reached *** piety under Sif Muna
   564 | D        | Learned a level 3 spell: Conjure Flame
   568 | D        | Learned a level 3 spell: Inner Flame
   709 | D        | Reached skill level 5 in Conjurations
   709 | D        | Reached XP level 6. HP: 18/32 MP: 2/17
   721 | D        | Reached **** piety under Sif Muna
   722 | D        | Reached skill level 11 in Fire Magic
   722 | D        | Reached skill level 5 in Invocations
  1041 | D        | Reached ***** piety under Sif Muna
  1041 | D        | Received a gift from Sif Muna
  1064 | D        | Got Sif Muna's Collected Works on Earthen Evil {god gift}
  1094 | D        | Learned a level 3 spell: Stone Arrow
  1183 | D        | Noticed a cane toad
  1185 | D        | Killed a cane toad
  1186 | D        | Reached skill level 12 in Fire Magic
  1186 | D        | Reached XP level 7. HP: 36/36 MP: 14/21
  1327 | D        | Noticed Terence
  1331 | D        | Killed Terence
  1337 | D        | Reached skill level 10 in Spellcasting
  1524 | D        | Noticed Erolcha
  1524 | D        | Noticed a lindwurm
  1531 | D        | Slain by a lindwurm

Illustrated notes

Levels and vault maps discovered:
D:        pitsprint [storerooms_1, entrance_room_1, metal_vault_6, armoury_3,
          mini_pit_1, grid_room_1, main_hall_1, silver_pit, the_coven_3,
          the_vestibule_1, steel_vault_3, golden_pit, hallway_of_sentries,
          crystal_vault_5, iron_vault_2, final_vault]

Skill      XL: |  1  2  3  4  5  6  7 |
---------------+----------------------+-----
Fire Magic     | 5 9 10 12 | 12.5
Spellcasting   | 5 6 9 10 | 10.0
Conjurations   | 3 5 7 8 |  8.0
Invocations    | 3 4 7 |  7.9
Earth Magic    | 3 4 |  4.8
Dodging        | |  2.4
Stealth        | |  2.4

Action                   |  1- 3 |  4- 6 |  7- 9 || total
-------------------------+-------+-------+-------++-------
Melee: Unarmed           |     1 |       |       ||     1
       Quarterstaff      |     3 |     9 |       ||    12
 Cast: Foxfire           |     9 |    29 |       ||    38
       Scorch            |       |     3 |       ||     3
       Flame Wave        |       |     7 |     5 ||    12
       Stone Arrow       |       |     3 |       ||     3
  Use: Potion            |       |     2 |       ||     2
       Scroll            |       |     1 |       ||     1
Armor: Robe              |       |     2 |     1 ||     3
Dodge: Dodged            |     5 |    14 |       ||    19

Table legend: (Time is in decaauts)
 A = Elapsed time spent in this place.
 B = Non-inter-level travel time spent in this place.
 C = Inter-level travel time spent in this place.
 D = Time resting spent in this place.
 E = Time spent auto-exploring this place.
 F = Levels seen in this place.
 G = Mean time per level.
                   A        B        C        D        E       F      G
               +--------+--------+--------+--------+--------+-----+--------+
         Total |   1533 |   1533 |      0 |   1146 |      0 |   1 | 1533.0 |
       Dungeon |   1533 |   1533 |      0 |   1146 |      0 |   1 | 1533.0 |
               +--------+--------+--------+--------+--------+-----+--------+

Top non-repeatable levels by time:
       D: 1533 daAuts
